 Dungeon Crawl Stone Soup version 0.27.1-1-g398f81649c (webtiles) character file.

Game seed: 10436602500691342970

22287 ZARRMARR the Covert (level 12, -2/87 HPs)
             Began as an Octopode Transmuter on Sept 7, 2021.
             Was a Believer of Ashenzari.
             Slain by a very large slime creature (39 damage)
             ... on level 12 of the Dungeon.
             The game lasted 01:49:41 (25552 turns).

ZARRMARR the Covert (Octopode Transmuter)          Turns: 25552, Time: 01:49:42

Health: -2/87      AC:  3    Str:  9    XL:     12   Next: 98%
Magic:  0/25       EV: 21    Int: 19    God:    Ashenzari [**....]
Gold:   815        SH:  0    Dex: 20    Spells: 23/30 levels left

rFire    + . .     SeeInvis +   g - +7 double sword (vorpal)
rCold    + . .     Faith    .   (no shield)
rNeg     . . .     Spirit   +   u - +2 hat "Behold Eternity" {Alch, Evo} (curse)
rPois    +         Reflect  .   i - amulet "I Knew You'd Do That" {Spirit, Comp, Cun} (curse)
rElec    +         Harm     .   h - ring "Zeydgh" {Contam rElec rPois Dex+6}
rCorr    .         Rampage  .   v - ring of Ashenzari's Gnosis {rF+, Self, Melee} (curse)
Will     .....                  l - ring "Share My Prison" {Slay+4, Cun, Range} (curse)
Stlth    +++++++...             r - ring of the Unyielding Gaze {rC+, Fort, Elem} (curse)
HPRegen  0.24/turn              (no ring)
MPRegen  0.19/turn              (no ring)
                                (no ring)
                                (no ring)

@: marked
A: almost no armour, amphibious, 8 rings, camouflage 1, gelatinous body 1,
(nimble swimmer 1), tentacles
a: Renounce Religion, Shatter the Chains


You were on level 12 of the Dungeon.
You worshipped Ashenzari.
Ashenzari was pleased with you.
You visited 4 branches of the dungeon, and saw 17 of its levels.
You also visited: Sewer and Ossuary.

You collected 1145 gold pieces.
You spent 330 gold pieces at shops.

Inventory:

Hand Weapons
 g - a +7 vorpal double sword (weapon)
Missiles
 a - 32 poisoned darts (quivered)
 E - 4 silver javelins
Armour
 u - the cursed +2 hat "Behold Eternity" (worn) {Alch, Evo}
   (You found it on level 9 of the Dungeon)

   It has a curse which improves the following skills: Alchemy: Poison Magic and
   Transmutations.
   Evocations: Evocations.
Jewellery
 h - the ring "Zeydgh" (left tentacle) {Contam rElec rPois Dex+6}
   (You acquired it on level 4 of the Dungeon)

   [ring of dexterity]

   Dex:       It affects your dexterity (+6).
   rElec:     It insulates you from electricity.
   rPois:     It protects you from poison.
   Contam:    It causes magical contamination when unequipped.
 i - the cursed amulet "I Knew You'd Do That" (around mantle) {Spirit, Comp, Cun}
   (You found it on level 3 of the Dungeon)

   [amulet of guardian spirit]

   It causes incoming damage to be divided between your reserves of health and
   magic.
   It has a curse which improves the following skills: Companions: Summonings
   and Necromancy.
   Cunning:   Dodging and Stealth.
 l - the cursed ring "Share My Prison" (on tentacle) {Slay+4, Cun, Range}
   (You found it on level 10 of the Dungeon)

   [ring of slaying]

   Slay:      It affects your accuracy & damage with ranged weapons and melee
   (+4).
   It has a curse which improves the following skills: Cunning: Dodging and
   Stealth.
   Ranged Combat: Slings, Bows, Crossbows and Throwing.
 r - the cursed ring of the Unyielding Gaze (on tentacle) {rC+, Fort, Elem}
   (You found it on level 11 of the Dungeon)

   [ring of protection from cold]

   rC:        It protects you from cold.
   It has a curse which improves the following skills: Fortitude: Shields.
   Elements:  Fire Magic, Ice Magic, Air Magic and Earth Magic.
 v - the cursed ring of Ashenzari's Gnosis (right tentacle) {rF+, Self, Melee}
   (You found it in an ossuary)

   [ring of protection from fire]

   rF:        It protects you from fire.
   It has a curse which improves the following skills: Introspection: Fighting
   and Spellcasting.
   Melee Combat: Short Blades, Long Blades, Axes, Maces & Flails, Polearms,
   Staves and Unarmed Combat.
 y - a ring of ice
Wands
 o - a wand of digging (5)
Scrolls
 c - 2 scrolls of amnesia
 d - 3 scrolls of teleportation
 e - a scroll of torment
 k - a scroll of magic mapping
 m - a scroll of immolation
 n - 5 scrolls of enchant armour
 p - a scroll of fog
 w - 2 scrolls of vulnerability
 x - a scroll of blinking
Potions
 b - 4 potions of flight
 f - 8 potions of curing
 j - 6 potions of mutation
 q - 2 potions of cancellation
 s - 2 potions of brilliance
 z - 3 potions of attraction
 A - a potion of resistance
 C - a potion of magic
 D - a potion of ambrosia
Miscellaneous
 t - a phial of floods (inert)


   Skills:
 + Level 8.7(10.1) Fighting
 + Level 5.9(7.3) Long Blades
 + Level 8.6(10.9) Dodging
 + Level 11.4(13.4) Stealth
 - Level 4.0(5.4) Unarmed Combat
 + Level 8.1(9.5) Spellcasting
 + Level 8.7(10.2) Transmutations
 + Level 7.9(9.4) Earth Magic


You had 23 spell levels left.
You knew the following spells:

 Your Spells              Type           Power      Damage    Failure   Level
a - Beastly Appendage     Tmut           94%        N/A       1%          1
b - Statue Form           Tmut/Erth      30%        N/A       22%         6

Your spell library contained the following spells:

 Spells                   Type           Power      Damage    Failure   Level
 Wereblood                Tmut           47%        N/A       1%          2
 Petrify                  Tmut/Erth      46%        N/A       1%          4
 Spider Form              Tmut/Pois      14%        N/A       2%          3
 Blade Hands              Tmut           23%        N/A       3%          5
 Ignite Poison            Fire/Tmut/Pois 22%        N/A       5%          3
 Magic Dart               Conj           36%        1d4       8%          1
 Ice Form                 Ice/Tmut       28%        N/A       9%          4
 Call Imp                 Summ           9%         N/A       11%         2
 Ensorcelled Hibernation  Hex/Ice        18%        N/A       12%         2
 Frozen Ramparts          Ice            18%        1d3       22%         3
 Mephitic Cloud           Conj/Pois/Air  9%         N/A       22%         3
 Bolt of Magma            Conj/Fire/Erth 10%        4d7       50%         5
 Summon Ice Beast         Ice/Summ       9%         N/A       58%         4
 Metabolic Englaciation   Hex/Ice        4%         N/A       91%         5
 Shadow Creatures         Summ           N/A        N/A       100%        6


Dungeon Overview and Level Annotations

Branches:
Dungeon (12/15)            Temple (1/1) D:7            Lair (2/6) D:11
    Orc (2/2) D:10            Elf (0/3) Orc:2         Sewer (visited)
Ossuary (visited)
  Swamp: Lair:2-4    Shoals: Lair:2-4     Snake: Lair:2-4    Spider: Lair:2-4

Altars:
Ashenzari
Cheibriados
Dithmenos
Elyvilon
Fedhas
Gozag
Hepliaklqana
Kikubaaqudgha
Makhleb
Nemelex Xobeh
Okawaru
Qazlal
Ru
Sif Muna
Trog
Uskayaw
Vehumet
Wu Jian
Xom
Yredelemnul
Zin
The Shining One
Beogh
Lugonu

Shops:
D:5 *   D:10 ([[

Portals:
Bailey: D:12

Annotations:
Lair:1 exclusion: hydra
Lair:2 exclusion: boulder beetle


Innate Abilities, Weirdness & Mutations

You cannot wear most types of armour.
You are amphibious.
You can wear up to eight rings at the same time.
Your skin changes colour to match your surroundings (Stealth+).
Your rubbery body absorbs attacks. (AC +1, EV +1)
((You are camouflaged near water. (Stealth+)))
You have tentacles for arms and can constrict up to eight enemies at once.


Message History

You squeeze the very large slime creature.
The very large slime creature is severely wounded.
A six-headed hydra comes into view.
The six-headed hydra roars!
You slice the very large slime creature!!
The very large slime creature is severely wounded.
The very large slime creature hits you!!!
Ouch! That really hurt!
* * * LOW HITPOINT WARNING * * *
The six-headed hydra sets off the alarm!
The alarm trap emits a blaring wail!
A sentinel's mark forms upon you.
You hear a roar!
You hear two shouts! x2
Unknown command.
You feel much better.
The very large slime creature closely misses you.
Blink to where?
Press: ? - help, Dir - move target
As you read the scroll of blinking, it crumbles to dust.
Aiming: Dig
Press: ? - help, Shift-Dir - straight line A rock wall.
The rock shatters into small pieces.
Found 8 gold pieces.
Found a leather armour.
There are monsters nearby!
Unknown command.
Unknown command.
Aiming: Dig
Press: ? - help, Shift-Dir - straight line A granite statue wielding a fearsome trident.
The rock shatters into small pieces.
Found a scroll of noise.
Found a flagged portal.
You feel much better.
The very large slime creature hits you!!
There is a flagged portal here.
You slash the very large slime creature!
The very large slime creature is severely wounded.
The very large slime creature hits you!!!
You die...

*,,,,,,,,,,,,,....####.#
***,*******,,,.,,...*#.#
*,* ***,*,.####.##.# *,*
*,,,,,........). *,*
*,,,,,,######..#
*,*############D.T...#
*,,...[...$....###...#
***###8###.#####*#.#.#
#8@J..D..?.+,,.<#..
*#####.###8##>.#####
*,,,.....,..##.,,*,,
*,*#.#####*##.,,,*,*
*,..#* *,*,*##**,,,*
*#.#****,*,*********
#.**,,,,,,,,,,,,,,*
#,**,**^*,****,***,
*,**,**,*,****,,,,,


You could see a six-headed hydra and a very large slime creature.

Vanquished Creatures
  4 two-headed ogres
  Urug (D:11)
  A sixfirhy (D:11)
  Pikel (D:5)
  An ugly thing (D:12)
  An orc sorcerer (Orc:1)
  Maurice (D:11)
  3 elephants
  A black mamba (Lair:1)
  2 cane toads (Lair:1)
  2 gargoyles (D:11)
  4 rime drakes
  A komodo dragon (Lair:1)
  3 trolls (D:11)
  A hornet (D:9)
  Prince Ribbit (D:7)
  A slime creature (D:12)
  4 blink frogs (Lair:1)
  2 meliai zombies (D:11)
  2 water elementals (D:11)
  17 yaks
  3 steam dragons
  An acid dragon (D:11)
  4 water moccasins
  4 orc warriors
  3 ice beasts
  2 black bears
  2 necrophages
  2 sky beasts
  3 ogres
  8 centaurs
  3 kobold brigands
  6 bullfrogs
  9 scorpions
  2 water moccasin zombies (D:5)
  6 killer bees
  13 wights
  6 electric eels (D:11)
  5 howler monkeys
  A bullfrog zombie (D:5)
  9 centaur zombies
  2 human zombies (Ossuary)
  4 hounds
  5 orc priests
  A gnoll shaman (D:5)
  4 iguanas
  5 scorpion zombies
  A merfolk avatar (Sewer)
  2 merfolk sirens (Sewer)
  8 orc wizards
  3 mummies (Ossuary)
  Robin (D:2)
  5 adders
  8 gnolls
  A howler monkey skeleton (D:6)
  3 white imps
  A worm (D:3)
  A dart slug (D:2)
  27 orcs
  4 ball pythons
  6 endoplasms
  8 giant cockroaches
  2 gnoll zombies (Ossuary)
  14 goblins
  12 hobgoblins
  4 jackals
  4 quokkas
  8 frilled lizards
  3 goblin zombies (Ossuary)
  A hobgoblin zombie (Ossuary)
  22 kobolds
  5 kobold zombies (Ossuary)
  2 orc zombies (Ossuary)
  2 quokka zombies (D:7)
  28 rats
353 creatures vanquished.

Vanquished Creatures (others)
  2 orcs (D:7)
  51 fungi
  62 plants
  5 toadstools (D:1)
120 creatures vanquished.

Grand Total: 473 creatures vanquished

Notes
Turn   | Place    | Note
-------+----------+-------------------------------------------
     0 | D:1      | ZARRMARR the Octopode Transmuter began the quest for the
                  | Orb.
     0 | D:1      | Reached XP level 1. HP: 13/13 MP: 3/3
   195 | D:1      | Reached XP level 2. HP: 18/18 MP: 3/5
   387 | D:1      | Reached skill level 1 in Stealth
  1397 | D:2      | Reached XP level 3. HP: 16/23 MP: 4/6
  1623 | D:2      | You fall into a shaft and drop 1 floor!
  1624 | D:3      | Found a glowing silver altar of Zin.
  1647 | D:3      | Found a glowing drain.
  1668 | Sewer    | Entered a sewer
  1798 | Sewer    | Noticed a sickly merfolk siren
  1821 | Sewer    | Killed a sickly merfolk siren
  1822 | Sewer    | Reached XP level 4. HP: 29/29 MP: 7/7
  1887 | Sewer    | Reached skill level 2 in Stealth
  2284 | Sewer    | Noticed a malarious merfolk avatar
  2290 | Sewer    | Reached XP level 5. HP: 22/34 MP: 6/8
  2331 | Sewer    | Killed a malarious merfolk avatar
  3141 | D:3      | Noticed Robin
  3245 | D:2      | Killed Robin
  4291 | D:3      | Reached XP level 6. HP: 35/41 MP: 7/10
  5116 | D:4      | Reached skill level 3 in Stealth
  5682 | D:4      | Identified 2 scrolls of acquirement
  5774 | D:4      | Found a glowing golden altar of the Shining One.
  6037 | D:5      | Entered Level 5 of the Dungeon
  6051 | D:4      | Acquired a book of Sloth
  6053 | D:4      | Acquired the ring "Zeydgh" {Contam rElec rPois Dex+6}
  6061 | D:5      | Found Fuophe's General Store.
  6119 | D:5      | Bought 2 potions of cancellation for 192 gold pieces
  6119 | D:5      | Bought a scroll of blinking for 90 gold pieces
  6119 | D:5      | Bought a potion of might for 48 gold pieces
  6160 | D:5      | Reached XP level 7. HP: 19/46 MP: 4/11
  6279 | D:5      | Reached skill level 1 in Earth Magic
  6891 | D:5      | Reached skill level 4 in Stealth
  7280 | D:5      | Noticed Pikel
  7571 | D:5      | Killed Pikel
  7572 | D:5      | Reached skill level 5 in Stealth
  7572 | D:5      | Reached XP level 8. HP: 42/54 MP: 8/14
  8225 | D:5      | Found a snail-covered altar of Cheibriados.
  8232 | D:5      | Found an ancient bone altar of Kikubaaqudgha.
  9069 | D:7      | Found a sand-covered staircase.
  9076 | Ossuary  | Entered an ossuary
  9357 | Ossuary  | Reached skill level 6 in Stealth
  9388 | Ossuary  | Learned a level 6 spell: Statue Form
  9452 | Ossuary  | Reached XP level 9. HP: 52/59 MP: 13/15
  9671 | Ossuary  | Reached skill level 5 in Transmutations
  9765 | Ossuary  | Reached skill level 5 in Dodging
 10108 | Ossuary  | Reached skill level 5 in Fighting
 10548 | D:7      | Found a staircase to the Ecumenical Temple.
 10710 | Temple   | Entered the Ecumenical Temple
 10740 | Temple   | Became a worshipper of Ashenzari the Shackled
 10767 | D:7      | Reached skill level 5 in Spellcasting
 10856 | D:7      | Found a blossoming altar of Fedhas.
 10990 | D:7      | Found a shimmering blue altar of Sif Muna.
 11056 | D:7      | Noticed a two-headed ogre
 11172 | D:8      | Reached skill level 7 in Stealth
 11568 | D:8      | Found a burning altar of Makhleb.
 11596 | D:8      | Found a white marble altar of Elyvilon.
 11682 | D:7      | Noticed Prince Ribbit
 11914 | D:7      | Killed a two-headed ogre
 11915 | D:7      | Reached skill level 5 in Earth Magic
 11915 | D:7      | Reached XP level 10. HP: 68/68 MP: 16/18
 12186 | D:7      | Reached skill level 8 in Stealth
 13135 | D:6      | Found a stormy altar of Qazlal.
 13387 | D:6      | Found a stormy altar of Qazlal.
 13751 | D:5      | Found a snail-covered altar of Cheibriados.
 13751 | D:5      | Found an ancient bone altar of Kikubaaqudgha.
 13789 | D:5      | Found Fuophe's General Store.
 14143 | D:7      | Killed Prince Ribbit
 14171 | D:7      | Found a hide-covered altar of Uskayaw.
 14508 | D:7      | Found a staircase to the Ecumenical Temple.
 14606 | D:7      | Found a blossoming altar of Fedhas.
 14702 | D:7      | Found a shimmering blue altar of Sif Muna.
 14983 | D:8      | Reached skill level 1 in Long Blades
 15480 | D:8      | Identified the Handbook of Changing
 15767 | D:8      | Found a white marble altar of Elyvilon.
 15789 | D:8      | Found a burning altar of Makhleb.
 16202 | D:9      | Noticed a two-headed ogre
 16911 | D:9      | Reached skill level 9 in Stealth
 16912 | D:9      | Reached XP level 11. HP: 27/75 MP: 9/21
 17156 | D:10     | Entered Level 10 of the Dungeon
 17159 | D:10     | Found Eniletz's Antique Armour Shop.
 17169 | D:10     | Found Kixeutex's Antique Armour Shop.
 17220 | D:10     | Found Winloux's Antique Weapon Shop.
 17326 | D:10     | Reached * piety under Ashenzari
 17621 | D:10     | Found an iron altar of Okawaru.
 17684 | D:10     | Found Neomiski's Assorted Antiques.
 17905 | D:10     | Found a staircase to the Orcish Mines.
 17945 | D:10     | Found an opulent altar of Gozag.
 17946 | D:10     | Found a sparkling altar of Nemelex Xobeh.
 18775 | D:11     | Found a runed translucent door.
 18775 | D:11     | Noticed a sixfirhy
 18826 | D:11     | Found a staircase to the Lair.
 18875 | D:11     | Noticed a two-headed ogre
 18905 | Lair:1   | Entered Level 1 of the Lair of Beasts
 18973 | Lair:1   | Noticed an eight-headed hydra
 19259 | Lair:1   | Reached skill level 10 in Stealth
 20638 | Lair:2   | Reached XP level 12. HP: 71/84 MP: 20/24
 21139 | Lair:2   | Noticed a boulder beetle
 21166 | Lair:2   | Noticed a catoblepas
 21386 | D:9      | Found a shimmering altar of Xom.
 21403 | D:9      | Killed a two-headed ogre
 21630 | D:9      | Reached ** piety under Ashenzari
 21924 | Orc:1    | Entered Level 1 of the Orcish Mines
 22045 | Orc:2    | Entered Level 2 of the Orcish Mines
 22053 | Orc:2    | Found a staircase to the Elven Halls.
 22243 | Orc:2    | Noticed an orc high priest
 22414 | D:11     | Noticed Maurice
 22424 | D:11     | Killed Maurice
 22425 | D:11     | Reached skill level 5 in Long Blades
 22634 | D:11     | Noticed Urug
 22666 | D:11     | Killed Urug
 22801 | D:11     | Noticed a two-headed ogre
 23001 | D:11     | Killed a two-headed ogre
 23002 | D:11     | Reached skill level 11 in Stealth
 24084 | D:11     | Killed a two-headed ogre
 24485 | D:11     | Found a staircase to the Lair.
 24494 | D:11     | Found a runed translucent door.
 25472 | D:12     | Identified the +5 ring mail of Glamorous Liberty {rElec
                  | rF+}
 25536 | D:12     | Noticed a six-headed hydra
 25545 | D:12     | Found a flagged portal.
 25552 | D:12     | Slain by a very large slime creature

Illustrated notes

Levels and vault maps discovered:
D:1:      wheals_arrival_linesprint, layout_basic, minmay_gold_behind_fungi,
          chequers_serial_rivers_small_b, glass_columns_a, roderic_lattice_a
D:2:      layout_rooms, minmay_distorted
D:3:      layout_loops_ring, mainiacjoe_overflow_tiny_flanked,
          portal_sewer_entry_f, uniq_robin
D:4:      layout_loops_corners, nicolae_tso_carved_into_rock,
          minmay_statues_item, minivault_25
D:5:      layout_rooms, amethyst_overflow_temple_binary, serial_shops,
          shop_statue, uniq_pikel
D:6:      layout_rooms, lemuel_doored_altar, kennysheep_diamond
D:7:      layout_loops_ring, lemuel_tele_altar, lemuel_crystal_altar,
          nicolae_uskayaw_suspiria, minmay_temple_entry_slanted,
          enter_ossuary_4, minmay_misc_feat_square, uniq_prince_ribbit1
D:8:      layout_cave_pools, mainiacjoe_overflow_24_doors,
          mainiacjoe_overflow_cross_hatched, minmay_checkerbox
D:9:      layout_irregular_city, nicolae_overflow_hidden_temple
D:10:     minmay_angry_zag, layout_loops_ring, grunt_temple_overflow_opulence,
          okawaru_ov_weapons_minmay, orc_0_dummy, serial_shops,
          nicolae_square_shop, shop, shop, shop
D:11:     cheibrodos_shockbox, layout_basic, due_lair_maze_entry_diamond,
          serial_co_window_serial, co_window_corner_a,
          co_window_of_opportunity_a, co_window_paths_a, co_window_corner_a,
          co_window_paths_b, co_window_of_opportunity_b, co_window_paths_c,
          co_window_2corner, co_window_paths_c, co_window_sun,
          co_window_4corner_a, uniq_urug, uniq_maurice
D:12:     layout_loops_ring, enter_bailey_8, nrook_campfire,
          minmay_misc_feat_more_columns, minmay_crystal_water
Temple:   corrupted_temple
Lair:1:   layout_layer_cave, serial_bayou_pond_b, infiniplex_staircase_pool,
          serial_bayou_shore_a
Lair:2:   layout_long_grid, minmay_swamp_entry_worms, gammafunk_ghost_split,
          bobbens_dragon_lair_wall
Orc:1:    layout_caves, serial_shops, shop, basic_altar
Orc:2:    st_orc_town, layout_caves

Skill      XL: |  1  2  3  4  5  6  7  8  9 10 11 12 |
---------------+-------------------------------------+-----
Stealth        | 1 2 3 5 6 7 9 10 11 | 11.4
Fighting       | 2 3 4 5 6 7 8 |  8.7
Transmutations | 3 4 6 7 8 |  8.7
Dodging        | 3 4 6 7 8 |  8.6
Unarmed Combat | 4 |  4.0
Spellcasting   | 3 4 5 6 7 8 |  8.1
Earth Magic    | 2 3 5 6 7 |  7.9
Long Blades    | 2 4 5 |  5.9

Action                   |  1- 3 |  4- 6 |  7- 9 | 10-12 || total
-------------------------+-------+-------+-------+-------++-------
Melee: Unarmed           |    92 |   182 |   290 |    22 ||   586
       Constrict         |    26 |    40 |    66 |    48 ||   180
       Tentacles         |    12 |    32 |    85 |   100 ||   229
       Kick              |    22 |    32 |   114 |       ||   168
       Punch             |     1 |     5 |    15 |    15 ||    36
       Double sword      |       |       |     3 |   322 ||   325
Throw: Dart              |       |    85 |    95 |   256 ||   436
       Boomerang         |       |     2 |    89 |     3 ||    94
       Javelin           |       |       |       |     3 ||     3
 Cast: Beastly Appendage |    23 |    36 |    60 |       ||   119
Invok: Curse Item        |       |       |       |     5 ||     5
Evoke: Wand              |       |       |     5 |    12 ||    17
       Phial of floods   |       |       |       |     1 ||     1
  Use: Scroll            |     3 |     3 |     9 |     8 ||    23
       Potion            |     1 |     2 |     7 |     6 ||    16
 Stab: Sleeping          |     7 |     9 |     8 |    20 ||    44
       Invisible         |       |       |       |     2 ||     2
       Distracted        |       |       |       |     1 ||     1
Armor: Skin              |     6 |    43 |    10 |    31 ||    90
Dodge: Dodged            |    46 |   106 |   174 |   348 ||   674
       Rpst.: Double sword |       |       |     1 |    75 ||    76
